 Dungeon Crawl Stone Soup version 0.30-a0-23-ge60ba3568b (webtiles) character file.

Game seed: 2779406031885611880

42 Sobieck the Sneak (level 3, -1/18 HPs)
             Began as a Vine Stalker Brigand on Aug 25, 2022.
             Succumbed to an adder's poison
             ... on level 2 of the Dungeon.
             The game lasted 00:03:10 (1864 turns).

Sobieck the Sneak (Vine Stalker Brigand)            Turns: 1864, Time: 00:03:11

Health: -1/18      AC:  4    Str: 13    XL:     3   Next: 54%
Magic:  0/4        EV: 11    Int: 11    God:
Gold:   41         SH:  0    Dex: 17    Spells: 2/2 levels left

rFire   . . .      SeeInvis .    a - +2 dagger {short}
rCold   . . .      Faith    .    (no shield)
rNeg    . . .      Spirit   +    l - +0 robe
rPois   .          Reflect  .    (no helmet)
rElec   .          Harm     .    c - +0 cloak
rCorr   .          Rampage  .    (no gloves)
Will    .....                    p - +0 pair of boots
Stlth   +++.......               (no amulet)
HPRegen 0.06/turn                (no ring)
MPRegen 0.09/turn                (no ring)

@: lethally poisoned (-1 -> -7)
A: fangs 2, magic shield, antimagic bite, no potion heal 2
a: no special abilities


You were on level 2 of the Dungeon.
You visited 1 branch of the dungeon, and saw 3 of its levels.

You collected 69 gold pieces.
You spent 28 gold pieces at shops.


Innate Abilities, Weirdness & Mutations

You have extremely sharp teeth.
When hurt, damage is shared between your health and your magic reserves.
Your bite disrupts and absorbs the magic of your enemies.
Potions cannot restore your health.


   Skills:
 - Level 1.7 Fighting
 * Level 2.7 Short Blades
 + Level 0.5 Ranged Weapons
 + Level 2.5 Throwing
 - Level 0.7 Dodging
 - Level 4.8 Stealth


You had 2 spell levels left.
You didn't know any spells.
Your spell library contained the following spells:

 Spells                   Type           Power      Damage    Failure   Level
 Magic Dart               Conj           0%         1d3       34%         1
 Call Imp                 Summ           0%         N/A       47%         2
 Mephitic Cloud           Conj/Pois/Air  0%         N/A       71%         3
 Blade Hands              Tmut           0%         N/A       100%        5
 Irradiate                Conj/Tmut      0%         3d11      100%        5
 Dragon Form              Tmut           0%         N/A       100%        7

Inventory:

Hand Weapons
 a - a +2 dagger (weapon) {short}
 b - a +0 sling
   (You found it on level 1 of the Dungeon)
 r - a +1 whip of venom {mace}
   (You took it off a kobold on level 2 of the Dungeon)
Missiles
 d - 9 poisoned darts (quivered) {throwing}
 e - 3 curare-tipped darts {=fthrowing}
 f - 23 stones {throwing}
Armour
 c - a +0 cloak (worn)
 l - a +0 robe (worn)
 p - a +0 pair of boots (worn)
   (You found it on level 2 of the Dungeon)
Wands
 s - a wand of flame (20)
   (You found it on level 2 of the Dungeon)
Scrolls
 g - a scroll of silence {unknown}
 i - a scroll of summoning {unknown}
 k - 2 scrolls of fear {unknown}
 m - a scroll of teleportation {unknown}
 q - a scroll of vulnerability {unknown}
Potions
 h - a potion of cancellation
 j - 2 potions of curing {@q1}
 n - a potion of attraction {unknown}
 o - a potion of magic {unknown}
 t - a potion of flight {unknown}

Dungeon Overview and Level Annotations

Branches:
Dungeon (3/15) Zot: 16135

Altars:
Yredelemnul

Shops:
D:2

:* #######.# #.#
#.......# #.# #.#######
#.##### #.# #...... #.#
####### ##.## ##...##
##.....#################
#......@................
##....S##.##############
##...###.# ##.## #.# ###
#.# ########### #.#
#.......... #†#
#.######### #># #.# #.#
#.# ###


You could see an adder.


Message History

You impale the rat!!
You kill the rat!
b - a +0 sling (weapon)
You see here a +0 cloak.
There is an entrance to Dez Myt's General Store here.
Done exploring.
Done exploring.
(D) Dungeon
Where to? (Enter - D:2, ? - help)
There is a stone staircase leading down here.
You climb downwards.
The gnoll shouts!
You hear an angry hiss.
Found 6 stones and a scroll of identify.
Found an escape hatch in the floor.
Found a stone staircase leading down.
There is a stone staircase leading up here.
There are monsters nearby!
Danger!
Unknown command.
Unknown command.
You shoot a sling bullet. The gnoll shouts! x2
The sling bullet hits the rat but does no damage.
The endoplasm quivers.
A quokka comes into view.
a - a +2 dagger (weapon)
{short} The rat barely misses you.
You climb upwards.
There is a stone staircase leading down here.
You barely miss the rat. You bite the rat.
You kill the rat!
No target in view!
You see here a rat corpse.
There is a stone staircase leading up here.
There is a stone staircase leading down here.
Unknown command.
Unknown command.
You climb downwards.
A sourceless malevolence fills the Dungeon... and a teleportation trap spontaneously manifests!
You are yanked towards some nearby monsters!
Your surroundings suddenly seem different.
Danger!
b - a +0 sling (weapon)
Unknown command.
The endoplasm attacks as you move away! The endoplasm closely misses you.
An adder comes into view.
The adder hisses angrily.
Found an escape hatch in the ceiling.
The adder attacks as you move away! The adder bites you.
The gnoll barely misses you.
The endoplasm hits you but does no damage.
The adder bites you but does no damage. The adder bites you.
You are poisoned.
The adder poisons you! The gnoll attacks as you move away!
The gnoll barely misses you.
You feel sick. The endoplasm attacks as you move away!
The endoplasm hits you but does no damage.
A ball python comes into view.
You feel sick. The adder closely misses you.
The endoplasm attacks as you move away!
The endoplasm hits you but does no damage.
You feel sick.
Unknown command.
You feel sick.
There is an escape hatch in the ceiling here.
Unknown command.
You feel sick. The adder barely misses you.
A mysterious force pulls you upwards. The hatch slams shut behind you.
You feel sick.
Unknown command.
Unknown command.
a - a +2 dagger (weapon)
{short} You feel sick.
You are no longer poisoned.
The adder barely misses you.
Unknown command.
You barely miss the adder. Your bite misses the adder. The adder bites you.
* * * LOW HITPOINT WARNING * * *
You hit the adder. The adder closely misses you.
You barely miss the adder. The adder barely misses you. The adder misses you.
Unknown command.
You hit the adder. The adder barely misses you.
You hit the adder. The adder bites you.
You miss the adder. The adder bites you.
* * * LOW HITPOINT WARNING * * *
You are lethally poisoned!
The adder poisons you!
You hit the adder. You bite the adder, but do no damage.
* * * LOW HITPOINT WARNING * * *
You feel sick. The adder bites you but does no damage.
You hit the adder.
* * * LOW HITPOINT WARNING * * *
You feel sick. The adder barely misses you.
Unknown command.
You closely miss the adder.
* * * LOW HITPOINT WARNING * * *
You feel sick. The adder bites you.
You are more poisoned.
The adder poisons you! The adder barely misses you.
You miss the adder.
You die...

Skill      XL: |  1 |
---------------+----+-----
Short Blades   | 2 |  2.7
Throwing       | 2 |  2.5
Fighting       | |  1.7
Ranged Weapons | |  0.5
Dodging        | |  0.7
Stealth        | |  4.8

Action                   || total
-------------------------++-------
Melee: Dagger            ||    69
       Bite              ||    17
 Fire: Sling             ||    46
  Use: Scroll            ||     2
 Stab: Sleeping          ||     6
Armor: Robe              ||    17
Dodge: Dodged            ||    30

Levels and vault maps discovered:
D:1:      dpeg_arrival_leaves_temple_mockup, layout_rooms,
          amcnicky_mini_pool_small
D:2:      layout_loops_ring, basic_altar, serial_shops, shop,
          nicolae_shop_vocational
D:3:      layout_rooms, kennysheep_small_spiral, minivault_5

Notes
Turn   | Place    | Note
-------+----------+-------------------------------------------
     0 | D:1      | Sobieck the Vine Stalker Brigand began the quest for the
                  | Orb.
     0 | D:1      | Reached XP level 1. HP: 11/11 MP: 2/2
   159 | D:1      | You pick up a book of Transfigurations {@e2} and begin
                  | reading...
   159 | D:1      | You add the spells Irradiate, Blade Hands and Dragon Form
                  | to your library.
   212 | D:1      | Reached skill level 2 in Short Blades
   212 | D:1      | Reached skill level 2 in Throwing
   247 | D:1      | Reached XP level 2. HP: 14/15 MP: 3/3
   987 | D:2      | Reached XP level 3. HP: 18/18 MP: 4/4
  1085 | D:2      | Found a basalt altar of Yredelemnul.
  1088 | D:2      | You pick up a book of Minor Magic and begin reading...
  1088 | D:2      | You add the spells Magic Dart, Call Imp and Mephitic Cloud
                  | to your library.
  1504 | D:2      | Found Badia's Vocational Training.
  1540 | D:2      | Found Dez Myt's General Store.
  1547 | D:2      | Bought a scroll of identify for 28 gold pieces
  1860 | D:2      | HP: 4/18 [adder (2)]
  1863 | D:2      | HP: 1/18 [poisoned by an adder]
  1864 | D:2      | Succumbed to an adder's poison

Vanquished Creatures
  3 worms (D:2)
  2 ball pythons
  4 bats
  5 endoplasms
  A giant cockroach (D:2)
  3 goblins
  4 hobgoblins (D:1)
  4 kobolds
  4 rats
30 creatures vanquished.

Table legend:
 A = Non-vault XP
 B = Vault XP
 C = Vault XP percentage of total XP
 D = Non-vault monster count
 E = Vault monster count
 F = Vault count percentage of total count
                 A         B        C        D         E       F
            +---------+---------+-------+---------+---------+-------
      Total |      60 |       0 |   0.0 |      30 |       0 |   0.0
            +---------+---------+-------+---------+---------+-------
        D:1 |      26 |       0 |   0.0 |      15 |       0 |   0.0
        D:2 |      34 |       0 |   0.0 |      15 |       0 |   0.0
            +---------+---------+-------+---------+---------+-------

Illustrated notes

Table legend:
 A = Kills in this place as a percentage of kills in entire the game.
 B = Kills by you in this place as a percentage of kills by you in the entire game.
 C = Kills by friends in this place as a percentage of kills by friends in the entire game.
 D = Other kills in this place as a percentage of other kills in the entire game.
 E = Experience gained in this place as a percentage of experience gained in the entire game.
 F = Experience gained in this place divided by the number of levels of this place that you have seen.
                   A       B       C       D       E      F
               +-------+-------+-------+-------+-------+----------------------
         Total | 100.0 | 100.0 |   N/A |   N/A | 100.0 |  20.0
       Dungeon | 100.0 | 100.0 |   N/A |   N/A | 100.0 |  20.0
               +-------+-------+-------+-------+-------+----------------------

Table legend: (Time is in decaauts)
 A = Elapsed time spent in this place.
 B = Non-inter-level travel time spent in this place.
 C = Inter-level travel time spent in this place.
 D = Time resting spent in this place.
 E = Time spent auto-exploring this place.
 F = Levels seen in this place.
 G = Mean time per level.
                   A        B        C        D        E       F      G
               +--------+--------+--------+--------+--------+-----+--------+
         Total |   1864 |   1741 |    123 |    186 |   1270 |   3 |  621.3 |
       Dungeon |   1864 |   1741 |    123 |    186 |   1270 |   3 |  621.3 |
               +--------+--------+--------+--------+--------+-----+--------+

Top non-repeatable levels by time:
     D:2: 974 daAuts
     D:1: 872 daAuts
     D:3: 17 daAuts
